 Dungeon Crawl Stone Soup version 0.29.0-5-ge4962eb29e (webtiles) character file.

Game seed: 1071929234303255755

1445 andrewp the Protected (level 8, 0/66 (68) HPs)
             Began as a Minotaur Berserker on Aug 29, 2022.
             Was a Believer of Trog.
             Slain by a wight
             ... wielding a +4 dagger
              (7 damage)
             ... on level 6 of the Dungeon.
             The game lasted 00:13:21 (6651 turns).

andrewp the Protected (Minotaur Berserker)          Turns: 6651, Time: 00:13:21

HP:   0/66 (68)     AC: 11    Str: 20 (23) XL:     8   Next: 46%
MP:   7/7           EV:  9    Int:  1 (4)  God:    Trog [**....]
Gold: 305           SH:  0    Dex:  9 (11) Spells: 7/7 levels left

rFire   . . .      SeeInvis .   y - +0 battleaxe
rCold   . . .      Faith    .   (shield currently unavailable)
rNeg    . . .      Spirit   .   m - +0 chain mail
rPois   .          Reflect  .   (helmet restricted)
rElec   .          Harm     .   (no cloak)
rCorr   .          Rampage  .   (no gloves)
Will    .....                   (no boots)
Stlth   ..........              (no amulet)
HPRegen 0.21/turn               (no ring)
MPRegen 0.10/turn               (no ring)

@: on berserk cooldown, slowed, lightly drained, very slow
A: horns 2, retaliatory headbutt
a: Renounce Religion, Berserk, Trog's Hand


You were on level 6 of the Dungeon.
You worshipped Trog.
Trog was pleased with you.
You visited 1 branch of the dungeon, and saw 6 of its levels.

You collected 377 gold pieces.
You spent 72 gold pieces at shops.

Inventory:

Hand Weapons
 a - a +0 hand axe
 t - a +2 halberd of protection
 y - a +0 battleaxe (weapon)
Armour
 m - a +0 chain mail (worn)
 x - a +0 tower shield
Scrolls
 b - a scroll of butterflies {unknown}
 d - 2 scrolls of vulnerability {unknown}
 e - a scroll of acquirement {unknown}
 f - 9 scrolls of teleportation
 j - 4 scrolls of summoning {unknown}
 o - a scroll of poison {unknown}
 p - 4 scrolls of identify
 q - a scroll of silence {unknown}
 r - a scroll of magic mapping {unknown}
 v - 2 scrolls of amnesia {unknown}
Potions
 c - 2 potions of lignification
 g - 5 potions of curing
 h - a potion of ambrosia
 i - a potion of invisibility {unknown}
 k - a potion of berserk rage
 l - a potion of magic
 n - a potion of haste {unknown}
 s - a potion of mutation {unknown}
 u - a potion of degeneration
 w - 2 potions of brilliance {unknown}


   Skills:
 + Level 5.3 Fighting
 + Level 7.1(7.6) Axes
 + Level 4.2(6.2) Polearms
 * Level 8.7 Armour
 + Level 3.6 Dodging
 - Level 0.2 Stealth
 + Level 1.9 Shields


You had 7 spell levels left.
You didn't know any spells.
Your spell library was empty.

Dungeon Overview and Level Annotations

Branches:
Dungeon (6/15)             Temple (0/1) D:5

Altars:
Elyvilon
Hepliaklqana
Kikubaaqudgha
Vehumet

Shops:
D:4 !*[!


Innate Abilities, Weirdness & Mutations

You have a pair of horns on your head.
You reflexively headbutt those who attack you in melee.


Message History

You barely miss the black bear. You headbutt the black bear!
The black bear is almost dead.
You barely miss the wight.
The black bear goes berserk!
A wight comes into view. It is wielding a +0 hand axe.
The wight hits you with a +4 dagger.
You feel drained.
The gnoll sergeant hits you from afar with a +0 trident!
The gnoll hits you but does no damage.
You slice the black bear!!
You kill the black bear!
Trog accepts your kill.
You completely miss the wight. The gnoll hits you but does no damage.
The gnoll sergeant hits you from afar with a +0 trident.
The wight hits you but does no damage. The gnoll barely misses you.
Your life force feels restored.
You barely miss the wight. The gnoll barely misses you.
The gnoll sergeant hits you from afar with a +0 trident.
The wight hits you but does no damage. The gnoll hits you but does no damage.
Found a stone staircase leading up.
You are no longer berserk.
You are exhausted.
You feel yourself slow down. The gnoll barely misses you.
You closely miss the gnoll. Your headbutt misses the gnoll.
You barely miss the gnoll. You slash the wight! The wight barely misses you.
The gnoll sergeant barely misses you. The gnoll hits you but does no damage.
The gnoll hits you with a +0 halberd.
The wight hits you with a +4 dire flail of freezing.
You feel drained. The wight freezes you.
* * * LOW HITPOINT WARNING * * *
The wight hits you with a +4 dagger.
* * * LOW HITPOINT WARNING * * *
The gnoll sergeant hits you from afar with a +0 trident.
* * * LOW HITPOINT WARNING * * *
The gnoll hits you with a +0 spear.
* * * LOW HITPOINT WARNING * * *
The gnoll closely misses you.
It was a potion of degeneration.
There was something very wrong with that liquid.
You feel weakened.
You feel dopey.
You feel clumsy.
The gnoll is no longer moving quickly.
The wight hits you with a +4 dagger!
You die...

......).#..# ## ...#
.......)[..####.##...##
.#..##))....#....[.....
#.. #...#..†..........
#.......#.....#.!...##
....................#
...#...........)......
...#......#.[).).....#
.. #....#....)@zg.....
...###...zggz...P. ...
###.zlY....P.
#...........
.............
#............P
...............
.<............P


You could see an ice beast, a gnoll sergeant, an iguana, 4 wights and 2 gnolls.

Vanquished Creatures
  Menkaure (D:5)
  2 black bears
  A phantom (D:2)
  A gnoll sergeant (D:5)
  3 scorpions
  A necrophage (D:5)
  6 wights (D:6)
  A hound (D:5)
  A jelly (D:5)
  A gnoll bouda (D:6)
  4 iguanas
  3 orc wizards
  2 adders
  10 gnolls
  2 ufetubi (D:5)
  2 worms
  4 dart slugs
  8 orcs
  6 endoplasms
  A giant cockroach (D:2)
  3 goblins
  7 hobgoblins
  4 jackals (D:1)
  5 quokkas
  4 ball pythons
  8 bats
  3 frilled lizards
  6 kobolds
  5 rats
105 creatures vanquished.

Vanquished Creatures (others)
  16 plants
  6 withered plants (D:1)
22 creatures vanquished.

Grand Total: 127 creatures vanquished

Notes
Turn   | Place    | Note
-------+----------+-------------------------------------------
     0 | D:1      | andrewp the Minotaur Berserker began the quest for the Orb.
     0 | D:1      | Reached XP level 1. HP: 19/19 MP: 0/0
   235 | D:1      | Reached XP level 2. HP: 16/27 MP: 1/1
   659 | D:1      | Found a faded altar of an unknown god.
  1521 | D:2      | Reached XP level 3. HP: 33/33 MP: 2/2
  2301 | D:2      | Noticed a phantom
  2314 | D:2      | Killed a phantom
  2315 | D:2      | Reached skill level 5 in Axes
  2315 | D:2      | Reached skill level 3 in Armour
  2315 | D:2      | Reached XP level 4. HP: 34/41 MP: 3/3
  3409 | D:4      | Noticed a black bear
  3411 | D:4      | Noticed a scorpion
  3419 | D:4      | Killed a black bear
  3419 | D:4      | Killed a scorpion
  3420 | D:4      | Reached skill level 4 in Armour
  3420 | D:4      | Reached XP level 5. HP: 47/47 MP: 4/4
  3420 | D:4      | Reached XP level 6. HP: 53/53 MP: 5/5
  3513 | D:4      | Reached ** piety under Trog
  3944 | D:4      | Found Wyhis's Distillery.
  3944 | D:4      | Found Daineab's General Store.
  3948 | D:4      | Found Ujoelym's Armour Shop.
  3949 | D:4      | Found Yrroheent's Distillery.
  3958 | D:4      | Reached skill level 5 in Armour
  4019 | D:4      | Bought a potion of curing for 36 gold pieces
  4019 | D:4      | Bought a potion of flight for 36 gold pieces
  4031 | D:4      | Found a white marble altar of Elyvilon.
  4033 | D:4      | Found a hazy altar of Hepliaklqana.
  4112 | D:4      | Found a radiant altar of Vehumet.
  4451 | D:5      | Entered Level 5 of the Dungeon
  5014 | D:5      | Reached XP level 7. HP: 45/60 MP: 6/6
  5016 | D:5      | Found a staircase to the Ecumenical Temple.
  5045 | D:5      | Reached skill level 6 in Armour
  5045 | D:5      | Reached skill level 1 in Shields
  5117 | D:5      | Reached skill level 1 in Polearms
  5143 | D:5      | Reached skill level 5 in Fighting
  5263 | D:5      | Noticed Menkaure
  5268 | D:5      | Killed Menkaure
  5269 | D:5      | Reached skill level 7 in Armour
  5762 | D:5      | Found an ancient bone altar of Kikubaaqudgha.
  6583 | D:6      | Reached XP level 8. HP: 68/68 MP: 7/7
  6591 | D:6      | Reached skill level 8 in Armour
  6651 | D:6      | Slain by a wight

Illustrated notes

Levels and vault maps discovered:
D:1:      eino_arrival_cavern_a, layout_basic,
          shapermc_ecumenical_altar_flowoftime, minmay_fountain_box,
          minivault_14, roderic_lattice_a, minmay_tromino_v7
D:2:      layout_loops_corners, chequers_serial_rivers_large_a
D:3:      layout_basic
D:4:      layout_rooms, nicolae_overflow_hidden_temple, minmay_shop_grid_forest
D:5:      layout_layer_cave, kiku_gazebo_pond_becter, minmay_temple_entry_waves,
          uniq_menkaure
D:6:      layout_cave_pools, nicolae_grassy_gnolls

Skill      XL: |  1  2  3  4  5  6  7  8 |
---------------+-------------------------+-----
Fighting       | 4 5 |  5.3
Axes           | 4 5 6 7 |  7.1
Armour         | 3 4 5 7 8 |  8.7
Dodging        | 3 |  3.6
Shields        | 1 |  1.9
Polearms       | 2 4 |  4.2
Stealth        | |  0.2

Action                   |  1- 3 |  4- 6 |  7- 9 || total
-------------------------+-------+-------+-------++-------
Melee: Hand axe          |   114 |    93 |       ||   207
       Headbutt          |    19 |    22 |    10 ||    51
       Halberd           |       |     6 |    66 ||    72
       Punch             |       |     1 |       ||     1
       Battleaxe         |       |       |    11 ||    11
Invok: Berserk           |       |     2 |     2 ||     4
       Trog's Hand       |       |       |     1 ||     1
  Use: Scroll            |       |     5 |       ||     5
       Potion            |       |     2 |     1 ||     3
Armor: Animal skin       |    17 |       |       ||    17
       Ring mail         |    29 |       |       ||    29
       Chain mail        |     5 |    68 |    59 ||   132
Dodge: Dodged            |    68 |    48 |    57 ||   173
Block: Tower shield      |       |    20 |       ||    20
